 Dungeon Crawl Stone Soup version 0.27.1-33-g824d729ab1 (webtiles) character file.

Game seed: 15312788171906905534

2622 zeram the Nimble (level 9, 0/43 HPs)
             Began as a Spriggan Fighter on Dec 20, 2021.
             Engulfed by a steam dragon's steam (3 damage)
             ... on level 6 of the Dungeon.
             The game lasted 00:28:19 (13176 turns).

zeram the Nimble (Spriggan Fighter)                Turns: 13176, Time: 00:28:19

Health: 0/43       AC:  4    Str: 12    XL:     9   Next: 34%
Magic:  19/19      EV: 21    Int: 12    God:
Gold:   1025       SH: 12    Dex: 15    Spells: 7/8 levels left

rFire    . . .     SeeInvis +   d - +3 dagger
rCold    . . .     Faith    .   j - +0 buckler {rPois}
rNeg     . . .     Spirit   .   b - +0 robe
rPois    +         Reflect  +   i - +2 hat {Will+}
rElec    .         Harm     .   (no cloak)
rCorr    .         Rampage  .   (gloves unavailable)
Will     ++...                  (boots unavailable)
Stlth    +++.......             l - amulet of reflection
HPRegen  0.14/turn              m - ring of magical power
MPRegen  0.16/turn              e - ring of flight

@: flying, very quick
A: very small, no large weapons, unfitting armour, see invisible, speed 3
a: no special abilities


You were on level 6 of the Dungeon.
You visited 1 branch of the dungeon, and saw 6 of its levels.

You collected 1242 gold pieces.
You spent 217 gold pieces at shops.

Inventory:

Hand Weapons
 a - a +0 rapier
 d - a +3 dagger (weapon)
 g - a +0 dagger of protection
 p - a +2 dagger of freezing
Missiles
 k - 7 poisoned darts (quivered)
 n - 7 curare-tipped darts
 q - 3 datura-tipped darts
Armour
 b - a +0 robe (worn)
 c - a +0 buckler
 i - a +2 hat of willpower (worn)
 j - a +0 buckler of poison resistance (worn)
Jewellery
 e - a ring of flight (right hand)
 l - an amulet of reflection (around neck)
 m - a ring of magical power (left hand)
Scrolls
 h - 2 scrolls of fog
 o - 2 scrolls of identify
 s - a scroll of magic mapping
Potions
 f - 2 potions of brilliance
 r - 2 potions of cancellation
 t - a potion of degeneration {unknown}


   Skills:
 - Level 2.4 Fighting
 + Level 7.4 Short Blades
 - Level 4.7 Throwing
 + Level 8.5 Dodging
 + Level 6.6 Stealth
 + Level 5.5 Shields
 - Level 0.1 Evocations


You had 7 spell levels left.
You knew the following spells:

 Your Spells              Type           Power      Damage    Failure   Level
a - Summon Small Mammal   Summ           0%         N/A       36%         1

Your spell library contained the following spells:

 Spells                   Type           Power      Damage    Failure   Level
 Animate Skeleton         Necr           0%         N/A       36%         1
 Apportation              Tloc           0%         N/A       36%         1
 Corona                   Hex            0%         N/A       36%         1


Dungeon Overview and Level Annotations

Branches:
Dungeon (6/15)
 Temple: D:4-7

Altars:
Cheibriados
Elyvilon
Makhleb
Nemelex Xobeh
Sif Muna
Zin
The Shining One

Shops:
D:4 (([=


Innate Abilities, Weirdness & Mutations

You are very small and have problems with some larger weapons.
You are too small for most types of armour.
You have supernaturally acute eyesight. (SInv)
You cover ground extremely quickly. (Speed+++)


Message History

You are engulfed in a cloud of scalding steam.
You block the steam dragon's attack. The steam dragon closely misses you.
You barely miss the steam dragon.
The steam dragon is lightly wounded.
The steam dragon completely misses you. You block the steam dragon's attack.
You hit the steam dragon but do no damage.
The steam dragon is lightly wounded.
You hit the steam dragon but do no damage.
The steam dragon is lightly wounded.
The steam dragon breathes steam at you. The ball of steam hits you!
You are engulfed in a cloud of scalding steam.
The steam dragon breathes steam at you. The ball of steam hits you.
The adder is engulfed in a cloud of scalding steam.
You feel a bit more experienced.
Found a scroll of identify.
o - 2 scrolls of identify (gained 1)
There are no items here.
The steam dragon hisses angrily.
Throw: 9 darts (poison)
Press: ? - help, Q - select action, (/) - cycle Shift-Dir - straight line, f/p - steam dragon
Aim: a steam dragon (lightly wounded, 62% to hit)
You throw a poisoned dart.
The poisoned dart hits the steam dragon!
The steam dragon is poisoned.
The steam dragon is lightly wounded.
Throw: 8 darts (poison)
Press: ? - help, Q - select action, (/) - cycle Shift-Dir - straight line, f/p - steam dragon
Aim: a steam dragon (lightly wounded, very poisoned, 62% to hit)
You throw a poisoned dart.
The poisoned dart closely misses the steam dragon.
The poisoned dart hits the adder.
The adder is poisoned.
The adder is severely wounded.
You kill the adder!
The steam dragon breathes steam at you. The ball of steam hits you!!
* * * LOW HITPOINT WARNING * * *
You are engulfed in a cloud of scalding steam.
You die...

#.#.#####S..#.##.##.##........#
#.......D..##.##.##.##..#######
##.#D#########.......##..#≈.≈...
####.# #..###..##..# ##### # #.#
#..# #....(.# ####.#
#..###..##.##### #≈##.#
#.......##.....
#.##.#########..###...#.#.#
#.##...(..D..§§§@.)..((..#.##
###################)).#.###.# #
#######.###.#.## # #...s...#
##.## ####### #.####### #.#
....... #.# #.####### ######.
#.# #.......# #.# ##.###..#. #.#
#.# #..#..#...


There were no monsters in sight!

Vanquished Creatures
  Pikel (D:5)
  Grinder (D:5)
  Duvessa (D:4)
  Sigmund (D:4)
  Edmund (D:6)
  An orc warrior (D:6)
  An ice beast (D:4)
  A black bear (D:5)
  A hornet zombie (D:5)
  An ogre (D:5)
  A centaur (D:5)
  A kobold brigand (D:6)
  Blork the orc (D:4)
  3 scorpions
  A gnoll sergeant (D:4)
  A centaur zombie (D:5)
  A bullfrog skeleton (D:5)
  4 hounds
  2 jellies
  An orc wizard (D:6)
  Natasha (twice) (D:3)
  Terence (D:2)
  A hound skeleton (D:4)
  Robin (D:2)
  5 gnolls
  2 howler monkey skeletons
  9 adders
  An ufetubus (D:6)
  A worm (D:3)
  A dart slug (D:1)
  3 orcs
  5 endoplasms
  2 giant cockroaches
  15 goblins
  9 hobgoblins
  6 jackals
  5 quokkas
  A ball python (D:1)
  4 bats (D:1)
  2 frilled lizards
  12 kobolds
  6 rats
120 creatures vanquished.

Vanquished Creatures (collateral kills)
  A phantom (D:4)
  Dowan (D:4)
  2 hound skeletons (D:4)
  2 gnolls (D:4)
  An adder (D:4)
  An orc (D:6)
8 creatures vanquished.

Vanquished Creatures (others)
  An orc wizard (D:6)
  2 gnolls
  3 orcs (D:6)
  15 fungi
  4 toadstools (D:3)
25 creatures vanquished.

Grand Total: 153 creatures vanquished

Notes
Turn   | Place    | Note
-------+----------+-------------------------------------------
     0 | D:1      | zeram the Spriggan Fighter began the quest for the Orb.
     0 | D:1      | Reached XP level 1. HP: 11/11 MP: 2/2
   578 | D:1      | Reached XP level 2. HP: 9/16 MP: 3/3
  1274 | D:2      | Reached XP level 3. HP: 19/19 MP: 4/4
  1594 | D:2      | Reached skill level 1 in Stealth
  1833 | D:2      | Reached XP level 4. HP: 23/23 MP: 5/5
  1882 | D:2      | Noticed Robin
  2427 | D:2      | Killed Robin
  3212 | D:2      | Noticed Terence
  3240 | D:2      | Killed Terence
  3626 | D:3      | Noticed Natasha
  3839 | D:3      | Learned a level 1 spell: Summon Small Mammal
  3863 | D:3      | Reached skill level 5 in Dodging
  3863 | D:3      | Reached XP level 5. HP: 22/27 MP: 6/6
  4405 | D:3      | Killed Natasha
  4477 | D:3      | Noticed Natasha
  4480 | D:3      | Found a glowing golden altar of the Shining One.
  4488 | D:3      | Killed Natasha
  4489 | D:3      | Found a glowing silver altar of Zin.
  4491 | D:3      | Found a white marble altar of Elyvilon.
  4572 | D:4      | Found Guujil's Weapon Emporium.
  4602 | D:4      | Found Wunyhou's Antique Weapon Emporium.
  4813 | D:4      | Noticed Blork the orc
  5513 | D:4      | HP: 1/27 [Blork the orc/magic dart (11)]
  5530 | D:4      | Found Doulep's Antique Armour Emporium.
  5947 | D:4      | Reached XP level 6. HP: 25/32 MP: 7/7
  6199 | D:5      | Entered Level 5 of the Dungeon
  6827 | D:5      | Reached skill level 5 in Short Blades
  6827 | D:5      | Reached skill level 1 in Throwing
  6827 | D:5      | Reached skill level 6 in Dodging
  6827 | D:5      | Reached XP level 7. HP: 17/35 MP: 8/8
  7067 | D:5      | Noticed Grinder
  7520 | D:4      | HP: 1/35 [Blork the orc/puff of frost (9)]
  7555 | D:4      | Noticed Sigmund
  7581 | D:4      | Bought an embroidered hat for 217 gold pieces
  7792 | D:4      | Killed Sigmund
  8131 | D:4      | Found Iwunu's Jewellery Boutique.
  8162 | D:4      | Noticed Duvessa
  8162 | D:4      | Noticed Dowan
  8217 | D:4      | Killed Dowan
  8447 | D:4      | Reached XP level 8. HP: 3/39 MP: 9/9
  8719 | D:4      | Reached skill level 5 in Stealth
  8859 | D:4      | Killed Blork the orc
  9115 | D:4      | Found a burning altar of Makhleb.
  9118 | D:4      | Found a sparkling altar of Nemelex Xobeh.
  9122 | D:4      | Found a shimmering blue altar of Sif Muna.
  9122 | D:4      | Found a snail-covered altar of Cheibriados.
  9237 | D:4      | Killed Duvessa
  9238 | D:4      | Reached skill level 7 in Dodging
  9402 | D:4      | Identified a scroll of acquirement
  9402 | D:4      | Acquired 882 gold pieces
  9859 | D:5      | Paralysed by Grinder for 2 turns
  9864 | D:5      | Killed Grinder
 11769 | D:6      | Noticed Pikel
 11839 | D:5      | Killed Pikel
 11840 | D:5      | Reached skill level 8 in Dodging
 11840 | D:5      | Reached skill level 5 in Shields
 11840 | D:5      | Reached XP level 9. HP: 12/43 MP: 10/10
 12213 | D:6      | Noticed Edmund
 12276 | D:6      | Killed Edmund
 13176 | D:6      | Engulfed by a steam dragon's steam

Illustrated notes

Levels and vault maps discovered:
D:1:      nagdon_arrival_double_spiral, layout_basic,
          chequers_serial_rivers_marsh
D:2:      layout_basic, serial_co_window_serial, co_window_cross_1,
          co_window_of_opportunity_a, co_window_of_opportunity_a,
          co_window_paths_a, co_window_of_opportunity_a, co_window_broadway_a,
          co_window_unsneaky_path_d, co_window_broadway_b,
          co_window_unsneaky_path_a, co_window_unsneaky_path_b,
          co_window_4corner_b, co_window_paths_d, glass_columns_b, minivault_24,
          uniq_terence, uniq_robin
D:3:      layout_rooms, good_gods_temple_1, minmay_gold_behind_fungi,
          uniq_natasha
D:4:      layout_layer_cave, grunt_temple_overflow_open, serial_shops,
          shop_fountains, shop, nicolae_shop_temple_entry_statues_fountains,
          shop, uniq_blork_the_orc, uniq_duvessa, uniq_sigmund
D:5:      layout_rooms, moated_statue, uniq_grinder
D:6:      layout_loops_ring, serial_aquarium, aquarium_bridge_straight
          [aquarium_subvault_bridge, aquarium_subvault_balcony,
          aquarium_subvault_bridge, aquarium_subvault_balcony],
          aquarium_bridge_long_separate [aquarium_subvault_window,
          aquarium_subvault_bridge, aquarium_subvault_balcony,
          aquarium_subvault_window, aquarium_subvault_bridge,
          aquarium_subvault_window], aquarium_window_2, aquarium_window_1,
          aquarium_window_fake, aquarium_window_2, aquarium_view_2d,
          aquarium_view_2d, aquarium_pool_2, hex_large, uniq_pikel, uniq_edmund

Skill      XL: |  1  2  3  4  5  6  7  8 |
---------------+-------------------------+-----
Short Blades   | 3 4 5 7 |  7.4
Stealth        | 1 2 3 4 6 |  6.6
Dodging        | 5 6 8 |  8.5
Shields        | 3 4 5 |  5.5
Throwing       | 1 3 4 |  4.7
Fighting       | |  2.4
Evocations     | |  0.1

Action                   |  1- 3 |  4- 6 |  7- 9 || total
-------------------------+-------+-------+-------++-------
Melee: Rapier            |    17 |       |       ||    17
       Dagger            |   128 |   263 |   362 ||   753
Throw: Dart              |       |    24 |   148 ||   172
       Stone             |       |     4 |     2 ||     6
Evoke: Wand              |       |    14 |       ||    14
  Use: Scroll            |     2 |     7 |     5 ||    14
       Potion            |     1 |     3 |     3 ||     7
 Stab: Sleeping          |     2 |     6 |     6 ||    14
Armor: Robe              |    17 |    19 |    15 ||    51
       Skin              |       |       |     7 ||     7
Dodge: Dodged            |    86 |   123 |   141 ||   350
Block: Buckler           |    39 |   137 |   173 ||   349
       Reflection        |       |     3 |     6 ||     9
